 Dungeon Crawl Stone Soup version 0.19.0-11-g3fc08b3 (webtiles) character file.

55 Stormleaks the Bolt Thrower (level 4, -3/27 HPs)
             Began as a Kobold Hunter on Nov 9, 2016.
             Slain by Grinder (9 damage)
             ... while paralysed by Grinder
             ... on level 3 of the Dungeon.
             The game lasted 00:07:14 (1610 turns).

Stormleaks the Bolt Thrower (Kobold Hunter)         Turns: 1610, Time: 00:07:15

Health: -3/27      AC:  3    Str:  9    XL:     4   Next: 14%
Magic:  4/4        EV:  3    Int: 12    God:
Gold:   55         SH:  0    Dex: 16    Spells: 0 memorised, 3 levels left

rFire  . . .     SeeInvis .     a - +1 hand crossbow
rCold  . . .     Gourm    .     c - +0 leather armour
rNeg   . . .     Faith    .     (shield restricted)
rPois  .         Spirit   .     (no helmet)
rElec  .         Reflect  .     (no cloak)
rCorr  .         Harm     .     (no gloves)
MR     .....                    (no boots)
Stlth  ++........               (no amulet)
                                (no ring)
                                (no ring)

@: paralysed
A: carnivore 3
a: no special abilities


You were on level 3 of the Dungeon.
You were near starving.

You visited 1 branch of the dungeon, and saw 3 of its levels.

You collected 55 gold pieces.

Inventory:

Hand Weapons
 a - a +1 hand crossbow (weapon)
 b - a +0 short sword
 o - a +0 club
 q - a +0 short sword
Missiles
 d - 27 bolts (quivered)
 r - 2 curare-tipped needles
Armour
 c - a +0 leather armour (worn)
Scrolls
 j - a scroll of identify {unknown}
 m - a scroll of remove curse {unknown}
 n - 2 scrolls of teleportation {unknown}
Potions
 e - a potion of agility {unknown}
 h - 2 potions of lignification {unknown}
 i - a potion of cure mutation {unknown}
 l - 2 potions of heal wounds {unknown}
 p - a potion of flight {unknown}
Comestibles
 f - a meat ration
 g - a slice of pizza
 k - 3 bread rations


   Skills:
 + Level 2.7 Fighting
 + Level 6.1 Crossbows
 + Level 0.1 Armour
 + Level 2.6 Dodging
 + Level 1.5 Stealth


You had 3 spell levels left.
You didn't know any spells.

Dungeon Overview and Level Annotations

Branches:
Dungeon (3/15)

Altars:
Fedhas
The Shining One

Annotations:
D:3 Grinder


Innate Abilities, Weirdness & Mutations

You are small and have problems with some larger weapons.
You are carnivorous and can eat meat at any time.


Message History

Beogh smites you!
Ouch! That really hurt!
An orc comes into view. It is wielding a whip.
Grinder comes into view.
Grinder shouts!
The teleport trap disappears.
The orc disappears!
Items here: ! (( )) a bolt; a short sword; a blowgun; 14 poisoned needles; a grey potion Firing (i - inventory):
d - 28 bolts (quivered)
Press: ? - help, Shift-Dir - straight line, f - Grinder
Aim: Grinder You shoot a bolt.
The bolt closely misses Grinder.
Grinder gestures at you.
You suddenly lose the ability to move!
Grinder hits you.
You writhe in agony.
* * * LOW HITPOINT WARNING * * *
Grinder hits you.
* * * LOW HITPOINT WARNING * * *
Grinder hits you!
You die...

###### ##....# ...#.#
##....# #.....# #).#..#
#..##.#
.#####<.##.###########
#............o.@5......
#.#######.o..#######.##
.........# ....#...#.#
...o.#...#.# ..o.
#...#.# .... #####.#
.#. ..


You could see Grinder, an orc priest and an orc.

Vanquished Creatures
  An adder (D:2)
  A worm (D:2)
  3 dart slugs
  An orc (D:3)
  A giant cockroach (D:2)
  4 goblins
  7 hobgoblins
  A kobold (D:3)
  6 bats
  3 frilled lizards (D:1)
  9 rats
37 creatures vanquished.

Notes
Turn   | Place    | Note
-------+----------+-------------------------------------------
     0 | D:1      | Stormleaks the Kobold Hunter began the quest for the Orb.
     0 | D:1      | Reached XP level 1. HP: 12/12 MP: 1/1
    76 | D:1      | Reached skill level 5 in Crossbows
   112 | D:1      | Reached XP level 2. HP: 18/18 MP: 2/2
   528 | D:1      | Reached XP level 3. HP: 19/22 MP: 3/3
   817 | D:2      | Found a blossoming altar of Fedhas.
   817 | D:2      | Found a glowing golden altar of the Shining One.
  1283 | D:2      | Reached XP level 4. HP: 27/27 MP: 4/4
  1456 | D:2      | Reached skill level 6 in Crossbows
  1604 | D:3      | Noticed Grinder
  1607 | D:3      | Paralysed by Grinder for 4 turns
  1610 | D:3      | Slain by Grinder

Skill      XL: |  1  2  3  4 |
---------------+-------------+-----
Crossbows      | 5 6 |  6.1
Fighting       | |  2.7
Armour         | |  0.1
Dodging        | |  2.6
Stealth        | |  1.5

Action                   |  1- 3 |  4- 6 || total
-------------------------+-------+-------++-------
 Fire: Hand crossbow     |    71 |     7 ||    78
Armor: Leather armour    |     4 |       ||     4
Dodge: Dodged            |    19 |       ||    19
